 Dungeon Crawl Stone Soup version 0.28-a0-69-g49dcd67cf8 (webtiles) character file.

Game seed: 1618717067761170624

18 nyamberluvr69 the Charlatan (level 2, -1/14 HPs)
             Began as a Spriggan Artificer on July 31, 2021.
             Slain by a kobold (4 damage)
             ... on level 1 of the Dungeon.
             The game lasted 00:03:50 (1648 turns).

nyamberluvr69 the Charlatan (Spriggan Artificer)    Turns: 1648, Time: 00:03:50

Health: -1/14      AC:  2    Str:  8    XL:     2   Next: 48%
Magic:  3/3        EV: 17    Int: 12    God:
Gold:   30         SH:  0    Dex: 15    Spells: 1/1 levels left

rFire   . . .      SeeInvis +   a - +0 short sword
rCold   . . .      Faith    .   (shield restricted)
rNeg    . . .      Spirit   .   b - +0 robe
rPois   .          Reflect  .   (helmet restricted)
rElec   .          Harm     .   (no cloak)
rCorr   .          Rampage  .   (gloves unavailable)
Will    .....                   (boots unavailable)
Stlth   +++.......              (no amulet)
HPRegen 0.04/turn               (no ring)
MPRegen 0.08/turn               (no ring)

@: very quick
A: very small, no large weapons, unfitting armour, see invisible, speed 3
a: no special abilities


You were on level 1 of the Dungeon.
You visited 1 branch of the dungeon, and saw 2 of its levels.

You collected 30 gold pieces.

Inventory:

Hand Weapons
 a - a +0 short sword (weapon)
 f - a +0 dagger
Armour
 b - a +0 robe (worn)
Wands
 c - a wand of flame (11) (quivered)
 d - a wand of charming (13)
Scrolls
 g - a scroll of teleportation {unknown}
 h - a scroll of silence {unknown}
Miscellaneous
 e - a piece from Xom's chessboard (15/15)


   Skills:
 - Level 0.7 Fighting
 - Level 0.2 Short Blades
 - Level 3.2 Dodging
 + Level 4.0 Stealth
 - Level 4.0 Evocations


You had one spell level left.
You didn't know any spells.
Your spell library contained the following spells:

 Spells                   Type           Power      Damage    Failure   Level
 Foxfire                  Conj/Fire      0%         2x1d4     32%         1
 Conjure Flame            Conj/Fire      0%         6-21      69%         3
 Inner Flame              Hex/Fire       0%         N/A       69%         3


Dungeon Overview and Level Annotations

Branches:
Dungeon (2/15)

Altars:


Innate Abilities, Weirdness & Mutations

You are very small and have problems with some larger weapons.
You are too small for most types of armour.
You have supernaturally acute eyesight. (SInv)
You cover ground extremely quickly. (Speed+++)


Message History

The jackal barely misses you.
There is a stone staircase leading down here.
There is a stone staircase leading up here.
The jackal bites you but does no damage.
You climb upwards.
There is a stone staircase leading down here.
You closely miss the jackal. The jackal bites you.
The jackal closely misses you.
You hit the jackal but do no damage. The jackal bites you.
* * * LOW HITPOINT WARNING * * *
You see here 3 javelins.
You see here a +0 tower shield.
The goblin shouts!
You barely miss the goblin. The goblin closely misses you.
The goblin hits you with a +0 dagger.
* * * LOW HITPOINT WARNING * * *
You hit the goblin.
You kill the goblin!
Your Stealth skill increases to level 4!
You see here a +0 tower shield.
You start resting.
A kobold is nearby!
The kobold shouts!
The kobold closely misses you.
You hit the kobold.
The kobold is severely wounded.
You barely miss the kobold.
The kobold is severely wounded.
The kobold barely misses you.
You closely miss the kobold.
The kobold is severely wounded.
The kobold completely misses you.
You barely miss the kobold.
The kobold is severely wounded.
The kobold hits you with a +0 dagger.
* * * LOW HITPOINT WARNING * * *
You barely miss the kobold.
The kobold is severely wounded.
The kobold hits you with a +0 dagger.
You die...

...''...'..............(.........
...##...######.#####.##..........
..>.........)..# #.......####.##.
...#########.#[#####.##.#####.##.
...# #..#.....# #.##.......##.
#### #..#.....# #.##.....####.
#..#.....# #.##...[.# #.
#..#.#..K# #.##h##### #.
#..###.#@###.##.# #.
#).....#..##.##.# ##
#.######..##.##.####
#.........##.##.##.#
#########.##.##....##
#..#.#..)...# ##.#[#).....#
#...#......# ##..#......#


You could see a kobold.

Vanquished Creatures
  A bat (D:2)
  An endoplasm (D:2)
  2 goblins (D:1)
  2 hobgoblins (D:1)
  2 jackals
  2 ball pythons (D:1)
  A frilled lizard (D:1)
  2 kobolds (D:2)
  A rat (D:1)
14 creatures vanquished.

Vanquished Creatures (collateral kills)
  A giant cockroach (D:1)
  A jackal (D:1)
2 creatures vanquished.

Vanquished Creatures (others)
  2 jackals (D:1)
2 creatures vanquished.

Grand Total: 18 creatures vanquished

Notes
Turn   | Place    | Note
-------+----------+-------------------------------------------
     0 | D:1      | nyamberluvr69 the Spriggan Artificer began the quest for
                  | the Orb.
     0 | D:1      | Reached XP level 1. HP: 9/9 MP: 2/2
   812 | D:1      | Reached XP level 2. HP: 3/14 MP: 3/3
  1153 | D:1      | Found a faded altar of an unknown god.
  1648 | D:1      | Slain by a kobold

Illustrated notes

Levels and vault maps discovered:
D:1:      minmay_arrival_jagged, layout_basic, basic_ecumenical_altar,
          nrook_mini_vaults, chequers_serial_rivers_micro_c
D:2:      layout_basic, uniq_sigmund, uniq_jessica

Skill      XL: |  1  2 |
---------------+-------+-----
Stealth        | 3 4 |  4.0
Fighting       | |  0.7
Short Blades   | |  0.2
Dodging        | |  3.2
Evocations     | |  4.0

Action                   || total
-------------------------++-------
Melee: Dagger            ||    30
       Short sword       ||    46
Evoke: Wand              ||     6
 Stab: Sleeping          ||     3
Armor: Robe              ||     7
Dodge: Dodged            ||    76

Table legend: (Time is in decaauts)
 A = Elapsed time spent in this place.
 B = Non-inter-level travel time spent in this place.
 C = Inter-level travel time spent in this place.
 D = Time resting spent in this place.
 E = Time spent auto-exploring this place.
 F = Levels seen in this place.
 G = Mean time per level.
                   A        B        C        D        E       F      G
               +--------+--------+--------+--------+--------+-----+--------+
         Total |   1387 |   1351 |     36 |    846 |    188 |   2 |  693.5 |
       Dungeon |   1387 |   1351 |     36 |    846 |    188 |   2 |  693.5 |
               +--------+--------+--------+--------+--------+-----+--------+

Top non-repeatable levels by time:
     D:1: 1309 daAuts
     D:2: 78 daAuts
